← All builds
Geo / Armada / Economy first / OBSERVED BUILD

Centurion drop

Armada Geo build order · Supreme Isthmus

Geo rushes Centurions from a Bot Lab around 2:36, flies them with an ally's light transport, and drops them behind enemy lines on the suicide front's base instead of massing at the middle, before transitioning into T1 air and the usual T2…

#drop #raid #air · 64 distinct matches · 12 players · 4% of Armada Geo games · team won 56% of 64 · Recently observed

THE CATCH, AND WHAT COMES WITH IT
  • CenturionT1 bot riot from 2:36 · 7% of role by thenFrom the Bot Lab. Only 7% of Geo games have it by then; others who build it get it around 2:43
  • HerculesLight transport from an ally in 75%12% of all Geo games by then
  • Aircraft PlantAircraft Plant in 52%22% of all Geo games by then
  • StormbringerBomber in 48%13% of all Geo games by then
  • FalconFighter in 48%14% of all Geo games by then

Where those units first fight, in 58 games with kill data: in the middle 86%, on their own side 14%.

Those units destroy a typical 830 metal of enemy units by 15:00.

Then transitions into Starlight (21% of army), blitz (20% of army), bomber (12% of army).

HOW TO PLAY IT

Key timing: Centurion drop by 2:47

  1. Open Bot Lab immediately, ahead of the usual geo-first order.
  2. Build Centurions fast and hold them for the drop, not the middle.
  3. Get a light transport (Hercules) from an ally to fly Centurions in.
  4. Land Centurions behind enemy lines on the suicide front's base, hit cons and eco.
  5. Build Aircraft Plant for bombers and fighters as you transition to T2.

Phase by phase

TYPICAL OF ITS 64 GAMES · AGAINST STANDARD GEO
  1. 1
  2. 2
  3. 3
  4. 4
  5. 5
  6. 6
PLAY THE OPENING

Follow the example game's first 6:00 step by step: what to build now, what comes next, and where it goes. At 1× it keeps pace with your own game.

  1. 1

    Up to the Bot Lab

    Economy
    • Metal Extractor3Mex
    • Wind Turbine4Wind
    • Energy Storage1Energy storage
    Order
    1. Bot LabBot Lab after 3 mex, 4 wind, 1 energy storagedone ~1:41, middle half 0:54–1:44

    Some games also: Sentry (45%)

    By 1:24 in all: 3 mex · 4 wind · 1 energy storage

    The example game in this phase · 3 steps
    1. Mex ×2
    2. Wind ×3
    3. Bot LabBot Labdone 0:52 · typical 1:41
  2. 2

    Bot Lab to T1 bot riot

    Economy
    • Metal Extractor1Mex
    Order
    1. CenturionT1 bot riot after 4 mex, 4 wind, 1 energy storage
    Builders
    • Lazarus4 Lazarus
    • Construction Bot2 Con bot
    • Construction Bot1 Con bot for allies
    • Lazarus1 Lazarus for allies

    Some games also: wind (42%)

    By 2:36 in all: 4 mex · 4 wind · 1 energy storage

    The example game in this phase · 17 steps
    1. Windfor Air
    2. LazarusLazarus
    3. Windfor Air
    4. Wind
    5. Construction BotCon bot
    6. Construction BotCon botfor Beach sea
    7. LazarusLazarus
    8. Mex
    9. LazarusLazarus ×2
    10. Construction BotCon botfor Pond
    11. Mex
    12. Construction BotCon bot
    13. TickTickfor Pond
    14. Geothermal PowerplantGeodone 3:19 · typical 3:41
    15. TickTick ×4for Pond
    16. Construction BotCon botfor Beach sea
    17. CenturionCenturiondone 3:23
  3. 3

    T1 bot riot to 5:00

    Economy
    • Energy Converter5Converter−3 vs standard
    Order
    1. Geothermal PowerplantGeo after 4 mex, 4 wind, 1 energy storagein 78% of games
    Builders
    • Construction Turret3 Con turret −2 vs standard
    Army
    • Centurion1 Centurion

    By 5:00 in all: 4 mex · 4 wind (standard 7) · 1 geo · 5 converter (standard 8) · 1 energy storage · 4 con turret

    The example game in this phase · 10 steps
    1. Con turret
    2. Energy storage
    3. CenturionCenturion
    4. Energy storage
    5. Converter ×4
    6. Con turret
    7. Converter
    8. Con turret
    9. Vehicle PlantVehicle Plantfor Frontdone 4:46 · typical 8:39
    10. Con turret ×2
  4. 4

    5:00 to Aircraft Plant

    Economy
    • Energy Converter2Converter
    Order
    1. Advanced Geothermal PowerplantAdvanced Geothermal Powerplant after 4 mex, 8 converter, 5 con turretin 72% of games
    2. Aircraft PlantAircraft Plant after 8 wind, 8 converter, 9 con turretdone ~7:35, middle half 7:09–7:47
    Builders
    • Construction Turret4 Con turret +3 vs standard

    Some games also: wind (39%)

    The standard build makes here, this one skips: 2 wind

    By 7:29 in all: 4 mex · 6 wind (standard 10) · 1 geo · 1 Advanced Geothermal Powerplant · 8 converter (standard 12) · 1 energy storage

    The example game in this phase · 13 steps
    1. Advanced Metal ExtractorT2 mex ×2done 5:21 · typical 5:42
    2. SentrySentry
    3. Construction VehicleCon vehicle
    4. Con turret
    5. SentrySentry
    6. Con turret
    7. Construction VehicleCon vehicle
    8. Con turret
    9. Advanced Metal ExtractorT2 mex
    10. BlitzBlitz ×3
    11. Radar TowerRadar Tower
    12. BlitzBlitz ×2
    13. Aircraft PlantAircraft Plantdone 7:02 · typical 7:35
  5. 5

    Aircraft Plant to Vehicle Plant

    Order
    1. Vehicle PlantVehicle Plant after 6 wind, 10 converter, 9 con turretdone ~8:39, middle half 7:54–9:15

    Some games also: bomber (44%) · fighter (39%) · con turret (39%)

    By 8:32 in all: 4 mex · 6 wind (standard 13) · 1 geo · 1 Advanced Geothermal Powerplant · 10 converter (standard 14) · 1 energy storage

    The example game in this phase · 1 step
    1. Vehicle PlantVehicle Plantdone 5:47
  6. 6

    Vehicle Plant to 15:00

    Economy
    • Wind Turbine3Wind−20 vs standard
    Order
    1. Advanced Vehicle PlantAdvanced Vehicle Plant after 6 wind, 10 converter, 9 con turretin 80% of games
    2. Vehicle PlantVehicle Plant after 6 wind, 14 converter, 9 con turretin 55% of games
    Builders
    • Construction Turret2 Con turret
    • Construction Vehicle1 Con vehicle
    Army
    • Blitz11 Blitz +11 vs standard
    • Starlight3 Starlight
    • Prophet1 Radar vehicle
    • Umbra1 Jammer

    Some games also: converter (50%) · T2 con vehicle (47%) · T2 con vehicle for allies (38%) · Radar Tower (38%) · Jaguar (34%)

    The standard build makes here, this one skips: 4 converter

    By 15:00 in all: 4 mex · 20 wind (standard 40) · 1 geo · 1 Advanced Geothermal Powerplant · 14 converter (standard 19) · 1 energy storage

    The example game in this phase · 134 steps
    1. BlitzBlitz
    2. BansheeBanshee
    3. BlitzBlitz ×2
    4. BansheeBanshee
    5. Advanced Metal ExtractorT2 mex
    6. BlitzBlitz ×2
    7. BansheeBanshee
    8. BlitzBlitz ×3
    9. BansheeBanshee
    10. BlitzBlitz ×3
    11. BansheeBanshee
    12. BlitzBlitz ×3
    13. BansheeBanshee
    14. BlitzBlitz
    15. BansheeBanshee ×6
    16. BeamerBeamer
    17. BansheeBanshee
    18. FalconFighter ×3
    19. BeamerBeamer
    20. FalconFighter ×4
    21. BeamerBeamer
    22. Bot LabBot Labdone 9:10
    23. FalconFighter ×4
    24. PawnPawn
    25. BansheeBanshee
    26. PawnPawn
    27. BansheeBanshee
    28. PawnPawn
    29. BansheeBanshee
    30. PawnPawn
    31. BansheeBanshee
    32. PawnPawn
    33. BansheeBanshee
    34. PawnPawn
    35. BansheeBanshee
    36. PawnPawn
    37. BansheeBanshee
    38. PawnPawn
    39. Vehicle PlantVehicle Plantdone 10:19
    40. BansheeBanshee ×2
    41. PawnPawn
    42. Construction VehicleCon vehicle
    43. Metal storage
    44. BansheeBanshee
    45. PawnPawn ×2
    46. BansheeBanshee
    47. Construction AircraftCon aircraft
    48. PawnPawn
    49. Advanced Geothermal PowerplantAdvanced Geothermal Powerplantdone 11:36 · typical 7:31
    50. StorkLight transport
    51. PawnPawn
    52. StorkLight transport
    53. PawnPawn ×2
    54. Construction VehicleCon vehicle
    55. PawnPawn ×4
    56. Advanced Metal ExtractorT2 mex
    57. PawnPawn
    58. Advanced Vehicle PlantAdvanced Vehicle Plantdone 12:02 · typical 9:31
    59. PawnPawn
    60. FalconFighter
    61. PawnPawn
    62. ShredderShredderdone 12:15
    63. PawnPawn
    64. FalconFighter
    65. PawnPawn
    66. FalconFighter
    67. PawnPawn
    68. FalconFighter
    69. PawnPawn
    70. FalconFighter
    71. ShredderShredder
    72. PawnPawn
    73. FalconFighter
    74. PawnPawn
    75. FalconFighter
    76. BlitzBlitz
    77. PawnPawn
    78. BlitzBlitz
    79. FalconFighter
    80. PawnPawn
    81. FalconFighter
    82. BlitzBlitz
    83. PawnPawn
    84. BlitzBlitz
    85. FalconFighter
    86. PawnPawn
    87. BlitzBlitz
    88. PawnPawn
    89. BlitzBlitz
    90. PawnPawn
    91. BlitzBlitz
    92. PawnPawn
    93. FalconFighter
    94. PawnPawn
    95. BlitzBlitz
    96. AmbassadorAmbassadordone 13:40
    97. PawnPawn
    98. BlitzBlitz
    99. FalconFighter
    100. PawnPawn
    101. BlitzBlitz
    102. PawnPawn
    103. BlitzBlitz
    104. PawnPawn
    105. BlitzBlitz
    106. FalconFighter
    107. PawnPawn
    108. BlitzBlitz
    109. PawnPawn
    110. AmbassadorAmbassador
    111. FalconFighter
    112. PawnPawn
    113. BlitzBlitz
    114. FalconFighter
    115. LazarusLazarus
    116. FalconFighter
    117. LazarusLazarus
    118. FalconFighter
    119. LazarusLazarus
    120. Con turret
    121. AmbassadorAmbassador
    122. Con turret
    123. FalconFighter
    124. LazarusLazarus
    125. Con turret ×2
    126. BlinkScout plane
    127. LazarusLazarus
    128. BlinkScout plane ×2
    129. LazarusLazarus ×2
    130. Advanced Construction VehicleT2 con vehicle
    131. LazarusLazarus ×2
    132. StarlightStarlightnot finished by 15:00 · typical 10:20
    133. LazarusLazarus
    134. BlinkScout plane

Counts are medians over the build's games: half of them build more, half fewer. The example game is Nutzz's (41 OS, 12/09/2026); pick another.

Team trades

IN AT LEAST 30% OF ITS GAMES

You hand over

  • Construction Bot1 Con bot to Beach sea or Pondfirst at 2:31 · in 80% of games
  • Lazarus1 Lazarus to Beach seafirst at 2:35 · in 63% of games
  • Advanced Construction Vehicle1 T2 con vehicle to Suicide front or Frontfirst at 10:01 · in 39% of games

You get

  • Hercules2 Light transport from Airfirst at 2:49 · in 83% of games
  • Advanced Construction Bot1 T2 con bot from Techfirst at 4:52 · in 98% of games
  • Valiant9–10 Valiant from Airfirst at 8:39 · in 31% of games

How it plays out

Typical game of this build against the role’s standard build, running totals by minute

  • This build
  • Standard geo

Metal produced

020k40k
0:005:0010:0015:00

metal

Enemy metal destroyed

05k10k15k
0:005:0010:0015:00

metal

Own metal lost

02.5k5k7.5k
0:005:0010:0015:00

metal

64 games.

Show as table
ByMetal produced: This buildMetal produced: Standard geoEnemy metal destroyed: This buildEnemy metal destroyed: Standard geoOwn metal lost: This buildOwn metal lost: Standard geo
1:003433330000
2:008778280000
3:00152515280000
4:00267927060000
5:003631372950804180
6:004960572068905400
7:007337814083005440
8:001028811502984058121
9:001306914509109252682130
10:00158091742520716271116320
11:001920320405275720752850790
12:0022100233054064398233821933
13:0025423261125492608640193295
14:0027896290017635849354784700
15:00302053160199081033968006090
WHAT THE NUMBERS SAY

Won more often than the standard build while destroying far more enemy metal early despite heavier losses, consistent with a drop disrupting the enemy base rather than fighting at the middle.

  • + Destroys much more enemy metal by 10:00 than the standard build (2071 vs 627).
  • + Team won this build more often than the role's standard play.
  • − Own metal lost is noticeably higher than standard by 10:00 (1116 vs 320).
  • − Commits a transport and bot force very early, before T2 or geo is secure.
THE EXAMPLE YOU ARE READING

Nutzz

41.3 OS · 12/09/2026

Open source match ↗

46 received units · includes a constructor
2866 metal received · 74895 energy received

Allied construction assistance is unknown. Timings are observations, not a promise of solo reproducibility.

Typical milestones

Bot Lab1:41Middle 50%: 0:54–1:44 · n=64
Geothermal Powerplant3:41Middle 50%: 3:23–4:02 · n=64
Advanced Metal Extractor5:42Middle 50%: 5:27–6:00 · n=63
Advanced Geothermal Powerplant7:31Middle 50%: 7:16–7:58 · n=56
Aircraft Plant7:35Middle 50%: 7:09–7:47 · n=35
Vehicle Plant8:39Middle 50%: 7:54–9:15 · n=58
Advanced Vehicle Plant9:31Middle 50%: 8:36–10:12 · n=53
Starlight10:20Middle 50%: 9:33–10:45 · n=43

Played most by

IMBALANCED32games of this buildNutzz16games of this buildzeus_on_god4games of this buildDukeofStars2games of this buildKOT_2games of this build